 Dungeon Crawl Stone Soup version 0.25-a0-632-g7713895373 (webtiles) character file.

Game seed: 11059901839895252482, levelgen mode: deterministic

3190 Chromatus the Cleaver (level 9, 0/79 HPs)
             Began as a Hill Orc Fighter on Mar 19, 2020.
             Was an Initiate of the Shining One.
             Slain by a killer bee (6 damage)
             ... on level 8 of the Dungeon.
             The game lasted 00:49:05 (8927 turns).

Chromatus the Cleaver (Hill Orc Fighter)            Turns: 8927, Time: 00:49:06

Health: 0/79       AC: 13    Str: 22    XL:     9   Next: 96%
Magic:  18/18      EV:  6    Int:  8    God:    the Shining One [......]
Gold:   446        SH:  0    Dex: 10    Spells: 8/8 levels left

rFire    . . .     SeeInvis .   r - +1 glaive (flame)
rCold    . . .     Gourm    .   (shield currently unavailable)
rNeg     . . .     Faith    .   v - +0 plate armour
rPois    .         Spirit   .   y - +0 helmet
rElec    .         Reflect  .   (no cloak)
rCorr    .         Harm     .   (no gloves)
MR       .....                  (no boots)
Stlth    ..........             (no amulet)
HPRegen  0.23/turn              h - ring of magical power
MPRegen  0.16/turn              o - ring of stealth

@: lethally poisoned (0 -> -24), glowing
A: no striking features
a: Renounce Religion


You were on level 8 of the Dungeon.
You worshipped the Shining One.
The Shining One was noncommittal.
You were not hungry.

You visited 2 branches of the dungeon, and saw 9 of its levels.

You collected 446 gold pieces.

Inventory:

Hand Weapons
 a - a +0 war axe
 r - a +1 glaive of flaming (weapon)
   (You took it off a hobgoblin on level 2 of the Dungeon)
Armour
 c - a +1 kite shield
 v - a +0 plate armour (worn)
   (You found it on level 3 of the Dungeon)
 y - a +0 helmet (worn)
   (You found it on level 5 of the Dungeon)
Jewellery
 f - a cursed -3 ring of intelligence {unknown}
   (You found it on level 7 of the Dungeon)
 h - a ring of magical power (left hand)
   (You found it on level 1 of the Dungeon)
 o - a ring of stealth (right hand)
   (You found it on level 1 of the Dungeon)
Wands
 d - a wand of enslavement (16)
   (You took it off Pikel on level 7 of the Dungeon)
Scrolls
 b - a scroll of enchant armour
 g - 2 scrolls of fog
 l - 3 scrolls of remove curse {@r2}
 q - a scroll of teleportation {@r4}
 t - 2 scrolls of amnesia
 x - 2 scrolls of identify {@r1}
 z - a scroll of holy word {unknown}
Potions
 i - 3 potions of stabbing
 j - 2 potions of haste {@q3}
 n - a potion of resistance {unknown}
 u - a potion of flight {unknown}
Comestibles
 e - 13 rations {!d}


   Skills:
 + Level 7.1 Fighting
 * Level 11.5(12.1) Axes
 + Level 5.6(8.4) Polearms
 + Level 5.6 Armour
 + Level 7.4 Shields
 + Level 1.1 Invocations


You had 8 spell levels left.
You didn't know any spells.
Your spell library was empty.

Dungeon Overview and Level Annotations

Branches:
Dungeon (8/15)             Temple (1/1) D:4
   Lair: D:8-11

Altars:
Ashenzari
Cheibriados
Dithmenos
Elyvilon
Fedhas
Gozag
Kikubaaqudgha
Makhleb
Nemelex Xobeh
Qazlal
Ru
Trog
Uskayaw
Vehumet
Wu Jian
Xom
Yredelemnul
Zin
The Shining One

Shops:
D:4 *

Annotations:
D:3 1 runed translucent door, exclusion: door, paps's ghost, amateur DsGl


Message History

* * * LOW HITPOINT WARNING * * *
You are lethally poisoned!
The killer bee poisons you!
The killer bee stings you but does no damage. x5
The killer bee stings you.
* * * LOW HITPOINT WARNING * * *
Okay, then.
You slash the killer bee! You burn the killer bee.
You kill the killer bee!
* * * LOW HITPOINT WARNING * * *
You feel very sick. The killer bee stings you.
* * * LOW HITPOINT WARNING * * *
The killer bee stings you but does no damage. x4
The killer bee stings you.
* * * LOW HITPOINT WARNING * * *
Really read
s - a scroll of immolation {!r}?
Uppercase [Y]es or [N]o only, please.
Really read
s - a scroll of immolation {!r}?
Really read the scroll of immolation? [Y]es or [N]o only, please.
Really read the scroll of immolation? [Y]es or [N]o only, please.
Really read the scroll of immolation? [Y]es or [N]o only, please.
Really read the scroll of immolation?
As you read the scroll of immolation {!r}, it crumbles to dust.
The creatures around you are filled with an inner flame!
* * * LOW HITPOINT WARNING * * *
You feel sick. The killer bee completely misses you.
The killer bee stings you but does no damage.
The killer bee barely misses you.
The killer bee stings you but does no damage.
You closely miss the killer bee.
* * * LOW HITPOINT WARNING * * *
You feel very sick. The killer bee stings you.
* * * LOW HITPOINT WARNING * * *
You are more poisoned.
The killer bee poisons you!
The killer bee stings you but does no damage.
The killer bee barely misses you.
The killer bee stings you but does no damage. x2
You hit the killer bee.
Flame seeps out of the killer bee.
You burn the killer bee.
Flame seeps out of the killer bee.
* * * LOW HITPOINT WARNING * * *
You feel very sick.
The killer bee is engulfed in blazing flames.
Flame seeps out of the killer bee.
The killer bee stings you.
You die...

......# ##.... #.(..#.#
#.... #.#.#### ##....
#..#.# #..... ##..##.#
##.... #..# #.# #.... #.#
#.# #....
...#######y####.# #....
#[.$.....@....>##########.
#########y.###......#####.
#....# ######.......
#.##.# #####... #. ..#
#... # .## ##.. #. ### ..
.#


You could see 2 killer bees.

Vanquished Creatures
  Pikel (D:7)
  Joseph (D:7)
  3 hippogriffs
  Menkaure (D:7)
  An orc warrior (D:7)
  3 phantoms
  A necrophage (D:6)
  2 ogres
  2 centaurs
  A big kobold (D:7)
  A bullfrog (D:6)
  A water moccasin zombie (D:8)
  A wyvern skeleton (D:7)
  2 scorpions
  3 killer bees (D:8)
  A gnoll shaman (D:5)
  3 hounds
  2 orc priests
  2 orc wizards (D:4)
  An iron imp (D:5)
  2 iguanas
  2 worker ants
  7 gnolls
  A howler monkey skeleton (D:5)
  4 adders
  A shadow imp (D:4)
  An ooze (D:4)
  3 worms (D:2)
  A dart slug (D:1)
  5 leopard geckos
  19 orcs
  2 ball pythons
  7 giant cockroaches
  6 goblins
  4 hobgoblins
  10 jackals
  12 kobolds
  5 quokkas
  11 bats
  13 frilled lizards
  A jackal zombie (D:7)
  A leopard gecko skeleton (D:5)
  A leopard gecko zombie (D:5)
  6 rats
158 creatures vanquished.

Notes
Turn   | Place    | Note
-------+----------+-------------------------------------------
     0 | D:1      | Chromatus the Hill Orc Fighter began the quest for the Orb.
     0 | D:1      | Reached XP level 1. HP: 19/19 MP: 1/1
   172 | D:1      | Reached skill level 3 in Axes
   202 | D:1      | Reached XP level 2. HP: 19/26 MP: 2/2
   565 | D:1      | Reached skill level 4 in Axes
   580 | D:1      | Reached XP level 3. HP: 31/31 MP: 3/3
  1293 | D:2      | Reached XP level 4. HP: 23/39 MP: 4/4
  1579 | D:2      | Found a glowing silver altar of Zin.
  1582 | D:2      | Found an opulent altar of Gozag.
  1589 | D:2      | Reached skill level 5 in Axes
  2769 | D:3      | Found an ornate altar of the Wu Jian Council.
  2849 | D:3      | Found a runed translucent door.
  2850 | D:3      | Noticed paps's ghost (amateur DsGl)
  2897 | D:4      | Found Gozag's Platinum Reserve.
  2899 | D:4      | Found an opulent altar of Gozag.
  2943 | D:3      | Reached XP level 5. HP: 34/45 MP: 5/5
  3043 | D:4      | Reached skill level 6 in Axes
  3181 | D:4      | Found a staircase to the Ecumenical Temple.
  3230 | Temple   | Entered the Ecumenical Temple
  3639 | D:4      | Reached skill level 1 in Polearms
  3639 | D:4      | Reached XP level 6. HP: 41/51 MP: 6/6
  4256 | D:4      | Reached skill level 7 in Axes
  4256 | D:4      | Reached skill level 5 in Shields
  4589 | D:5      | Entered Level 5 of the Dungeon
  4778 | D:5      | Found a snail-covered altar of Cheibriados.
  4880 | D:5      | Noticed a phantom
  4972 | D:4      | Killed a phantom
  4972 | D:4      | Reached XP level 7. HP: 59/59 MP: 7/7
  5061 | D:5      | Reached skill level 8 in Axes
  5804 | D:6      | Found a sacrificial altar of Ru.
  6115 | D:6      | Reached skill level 5 in Fighting
  6115 | D:6      | Reached XP level 8. HP: 59/68 MP: 8/8
  6696 | D:7      | Reached skill level 9 in Axes
  7033 | D:7      | Found a glowing golden altar of the Shining One.
  7036 | D:7      | Became a worshipper of the Shining One
  7085 | D:7      | Noticed a hippogriff
  7157 | D:7      | Noticed Menkaure
  7169 | D:7      | Killed Menkaure
  7707 | D:7      | Noticed a hippogriff
  7736 | D:7      | Killed a hippogriff
  7736 | D:7      | Reached skill level 10 in Axes
  7736 | D:7      | Reached XP level 9. HP: 59/75 MP: 9/9
  7748 | D:7      | Noticed Joseph
  7751 | D:7      | Noticed Pikel
  7765 | D:7      | Killed Joseph
  7775 | D:7      | HP: 3/75 [slave[Pikel] (7)]
  7806 | D:7      | HP: 3/75 [kobold/+0 club (2)]
  7812 | D:7      | HP: 2/77 [kobold (2)]
  8232 | D:7      | Killed Pikel
  8232 | D:7      | Reached skill level 5 in Polearms
  8232 | D:7      | Reached skill level 5 in Armour
  8319 | D:7      | Found a shadowy altar of Dithmenos.
  8524 | D:7      | Reached skill level 11 in Axes
  8918 | D:8      | Reached skill level 1 in Invocations
  8927 | D:8      | Slain by a killer bee

Levels and vault maps discovered:
D:1:      dpeg_arrival_circle_labyrinth_c, layout_loops_ring, minmay_lizard_pond
D:2:      layout_basic, grunt_temple_overflow_gold_and_silver
D:3:      layout_rooms, marbit_many_paths, ebering_ghost_reflecting_pool
D:4:      mumra_celtic_spiral_tile, layout_basic, minmay_temple_entry_statues,
          nicolae_gozag_zags_fifth_avenue
D:5:      layout_rooms, slow_altar_1, first_ration
D:6:      layout_basic, nicolae_ru_sacrificial_ziggurat
D:7:      layout_gridville, kennysheep_mini_moat, kennysheep_little_box,
          uniq_joseph, uniq_menkaure, uniq_pikel
D:8:      layout_rooms, gammafunk_temple_overflow_elements
Temple:   oiseaux_autumnal_temple

Skill      XL: |  1  2  3  4  5  6  7  8  9 |
---------------+----------------------------+-----
Axes           | 3 4 5 6 7 8 10 11 | 11.5
Shields        | 4 5 6 7 |  7.4
Polearms       | 1 2 3 4 5 |  5.6
Fighting       | 4 5 7 |  7.1
Armour         | 4 5 |  5.6
Invocations    | 1 |  1.1

Action                   |  1- 3 |  4- 6 |  7- 9 || total
-------------------------+-------+-------+-------++-------
Melee: War axe           |   147 |    59 |       ||   206
       Glaive            |       |   184 |   230 ||   414
  Use: Scroll            |       |     8 |    10 ||    18
       Potion            |       |     2 |     5 ||     7
  Eat: Ration            |     1 |       |     2 ||     3
       Chunk             |       |    10 |     6 ||    16
Armor: Scale mail        |    76 |    25 |       ||   101
       Plate armour      |       |   119 |   204 ||   323
Dodge: Dodged            |    38 |    89 |    92 ||   219
Block: Kite shield       |    91 |    24 |       ||   115

Table legend:
 A = Non-vault XP
 B = Vault XP
 C = Vault XP percentage of total XP
 D = Non-vault monster count
 E = Vault monster count
 F = Vault count percentage of total count
                 A         B        C        D         E       F
            +---------+---------+-------+---------+---------+-------
      Total |    3316 |    1242 |  27.2 |     145 |      13 |   8.2
            +---------+---------+-------+---------+---------+-------
        D:1 |      41 |       8 |  16.3 |      22 |       8 |  26.7
        D:2 |      50 |       0 |   0.0 |      23 |       0 |   0.0
        D:3 |      90 |       3 |   3.2 |      19 |       1 |   5.0
        D:4 |     438 |       0 |   0.0 |      26 |       0 |   0.0
        D:5 |     427 |      39 |   8.4 |      15 |       1 |   6.2
        D:6 |     334 |       0 |   0.0 |       7 |       0 |   0.0
        D:7 |    1250 |    1192 |  48.8 |      25 |       3 |  10.7
        D:8 |     686 |       0 |   0.0 |       8 |       0 |   0.0
            +---------+---------+-------+---------+---------+-------
